 Dungeon Crawl Stone Soup version 0.29.1-13-g9f3cf754e1 (webtiles) character file.

Game seed: 4327872020686485982

265 Atelerd the Digger (level 6, -5/36 HPs)
             Began as an Octopode Earth Elementalist on Feb 9, 2023.
             Slain by a scorpion (6 damage)
             ... on level 4 of the Dungeon.
             The game lasted 00:06:01 (3332 turns).

Atelerd the Digger (Octopode Earth Elementalist)    Turns: 3332, Time: 00:06:03

Health: -5/36      AC:  1    Str:  7    XL:     6   Next: 20%
Magic:  6/10       EV: 17    Int: 17    God:
Gold:   148        SH:  0    Dex: 15    Spells: 6/11 levels left

rFire   . . .      SeeInvis .   p - +2 dagger (freeze)
rCold   . . .      Faith    .   (no shield)
rNeg    . . .      Spirit   .   (helmet restricted)
rPois   .          Reflect  .   (no amulet)
rElec   .          Harm     .   a - +4 ring of evasion
rCorr   .          Rampage  .   (no ring)
Will    .....                   (no ring)
Stlth   ++++......              (no ring)
HPRegen 0.12/turn               (no ring)
MPRegen 0.12/turn               (no ring)
                                (no ring)
                                (no ring)

@: mighty, brilliant, lethally poisoned (-5 -> -19)
A: almost no armour, amphibious, 8 rings, camouflage 1, gelatinous body 1,
(nimble swimmer 1), tentacles
a: no special abilities


You were on level 4 of the Dungeon.
You visited 1 branch of the dungeon, and saw 4 of its levels.

You collected 158 gold pieces.
You spent 10 gold pieces at shops.

Inventory:

Hand Weapons
 c - a +0 dagger
 k - a +2 dagger of venom
 p - a +2 dagger of freezing (weapon)
Jewellery
 a - a +4 ring of evasion (left tentacle)
Scrolls
 b - 8 scrolls of identify {unknown}
 d - 2 scrolls of amnesia {unknown}
 g - 2 scrolls of noise
 j - a scroll of fog {unknown}
 o - 5 scrolls of teleportation {unknown}
 q - a scroll of brand weapon {unknown}
 r - 2 scrolls of enchant weapon {unknown}
Potions
 e - a potion of flight {unknown}
 h - a potion of ambrosia {unknown}
 i - a potion of attraction {unknown}
 l - a potion of lignification {unknown}
 m - a potion of heal wounds {unknown}
 n - 2 potions of curing {unknown}
 s - a potion of haste


   Skills:
 - Level 2.2 Dodging
 + Level 4.2 Stealth
 + Level 3.1 Spellcasting
 * Level 3.3 Transmutations
 + Level 4.3 Earth Magic


You had 6 spell levels left.
You knew the following spells:

 Your Spells              Type           Power      Damage    Failure   Level
a - Sandblast             Erth           52%        2d12      3%          1
p - Petrify               Tmut/Erth      23%        N/A       34%         4

Your spell library contained the following spells:

 Spells                   Type           Power      Damage    Failure   Level
 Passwall                 Tmut/Erth      19%        N/A       5%          2
 Stone Arrow              Conj/Erth      30%        3d8       22%         3


Dungeon Overview and Level Annotations

Branches:
Dungeon (4/15)
 Temple: D:4-7

Altars:
The Shining One

Shops:
D:1 ?


Innate Abilities, Weirdness & Mutations

You cannot wear most types of armour.
You are amphibious.
You can wear up to eight rings at the same time.
Your skin changes colour to match your surroundings (Stealth+).
Your rubbery body absorbs attacks. (AC +1, EV +1)
((You are camouflaged when in or above water. (Stealth+)))
You have tentacles for arms and can constrict up to eight enemies at once.


Message History

Aim: a scorpion (lightly wounded, constricted by you, 100% to hit)
The blast of sand hits the scorpion but does no damage.
The scorpion is lightly wounded.
You constrict the scorpion, but do no damage.
You feel very sick. The scorpion misses you. The scorpion closely misses you.
Casting: Sandblast (safe; 3% risk of failure)
Confirm with . or Enter, or press ? or * to list all spells.
Aiming: Sandblast (safe; 3% risk of failure)
Press: ? - help, Shift-Dir - straight line, f/p - scorpion
Aim: a scorpion (lightly wounded, constricted by you, 100% to hit)
The blast of sand hits the scorpion but does no damage.
The scorpion is lightly wounded.
You constrict the scorpion.
You feel very sick. The scorpion closely misses you. The scorpion stings you.
* * * LOW HITPOINT WARNING * * *
You are more poisoned.
The scorpion poisons you!
Your magical contamination has completely faded away.
Casting: Sandblast (safe; 3% risk of failure)
Confirm with . or Enter, or press ? or * to list all spells.
Aiming: Sandblast (safe; 3% risk of failure)
Press: ? - help, Shift-Dir - straight line, f/p - scorpion
Aim: a scorpion (moderately wounded, constricted by you, 100% to hit)
Okay, then.
It was a potion of might.
You feel very mighty all of a sudden.
You constrict the scorpion, but do no damage.
* * * LOW HITPOINT WARNING * * *
You feel very sick. The scorpion misses you.
Okay, then.
It was a potion of brilliance.
You feel clever all of a sudden.
You constrict the scorpion.
* * * LOW HITPOINT WARNING * * *
You feel very sick. The scorpion stings you.
You die...

#. ..## #..#
........##..###..####...
........##...# ....#....
.....#..##.#.###.###....
#<.w.....#.#.....#......
...................##..
. .......#.$........##.#
....##..................
......s@............#..#
..................#..#..
................$.......
.#...............##.##..
.....#...........# .# ..
##.###.........#... . .
## #..<......####...
...##......


You could see a scorpion and a dart slug (asleep).

Vanquished Creatures
  A necrophage (D:4)
  An orc priest (D:3)
  2 hounds (D:4)
  4 adders
  2 worms (D:4)
  3 dart slugs
  13 orcs
  5 ball pythons
  4 endoplasms
  8 goblins
  5 hobgoblins
  2 quokkas
  2 bats
  3 frilled lizards
  2 kobolds
  A rat (D:3)
  A spectral goblin (D:3)
59 creatures vanquished.

Notes
Turn   | Place    | Note
-------+----------+-------------------------------------------
     0 | D:1      | Atelerd the Octopode Earth Elementalist began the quest for
                  | the Orb.
     0 | D:1      | Reached XP level 1. HP: 11/11 MP: 3/3
    72 | D:1      | Reached XP level 2. HP: 9/17 MP: 0/5
   404 | D:1      | Found Ysois's Magic Scroll Shoppe.
   434 | D:1      | Bought a scroll of noise for 10 gold pieces
   897 | D:2      | Reached XP level 3. HP: 21/21 MP: 6/6
  1980 | D:3      | Found a faded altar of an unknown god.
  2048 | D:3      | Reached XP level 4. HP: 24/27 MP: 4/7
  2093 | D:3      | Learned a level 4 spell: Petrify
  2186 | D:3      | Found a glowing golden altar of the Shining One.
  2709 | D:3      | Reached XP level 5. HP: 24/31 MP: 4/9
  3271 | D:4      | Reached XP level 6. HP: 36/36 MP: 10/10
  3332 | D:4      | HP: 1/36 [poisoned by a scorpion]
  3332 | D:4      | Slain by a scorpion

Illustrated notes

Levels and vault maps discovered:
D:1:      mainiacjoe_arrival_reflecting_pool, layout_rooms, serial_shops, shop,
          kennysheep_crisscross
D:2:      layout_basic
D:3:      layout_rooms, tso_metal_star,
          dreamdust_ecumenical_altar_drowned_temple
D:4:      layout_cave_pools, mainiacjoe_overflow_concentric_impassable,
          gammafunk_ghost_cemetery, hangedman_abyss_or_decor_lesser_grid,
          chequers_serial_rivers_micro_d,
          nicolae_concentric_dashed_squares_wild, minivault_23,
          minmay_statues_item, hex_large, minmay_fountain_box

Skill      XL: |  1  2  3  4  5 |
---------------+----------------+-----
Stealth        | 3 4 |  4.2
Transmutations | 2 3 |  3.3
Earth Magic    | 4 |  4.3
Spellcasting   | 3 |  3.1
Dodging        | |  2.2

Action                   |  1- 3 |  4- 6 || total
-------------------------+-------+-------++-------
Melee: Dagger            |    29 |    13 ||    42
       Constrict         |     8 |     2 ||    10
       Tentacles         |     4 |     1 ||     5
 Cast: Sandblast         |    17 |    62 ||    79
  Use: Potion            |       |     4 ||     4
 Stab: Sleeping          |     7 |     8 ||    15
Armor: Skin              |     3 |     1 ||     4
Dodge: Dodged            |    23 |    29 ||    52
